 Dungeon Crawl Stone Soup version 0.28-a0-1184-g53156a8862 (webtiles) character file.

Game seed: 14935079520987983885

243 ytrimaz the Cudgeller (level 5, -6/45 HPs)
             Began as a Demigod Fighter on Dec 17, 2021.
             Mangled by an ogre (13 damage)
             ... on level 4 of the Dungeon.
             The game lasted 00:03:02 (3691 turns).

ytrimaz the Cudgeller (Demigod Fighter)             Turns: 3691, Time: 00:03:03

Health: -6/45      AC:  9    Str: 21    XL:     5   Next: 52%
Magic:  7/7        EV:  7    Int: 10    God:
Gold:   135        SH:  4    Dex: 13    Spells: 4/4 levels left

rFire   . . .      SeeInvis .   a - +0 flail
rCold   . . .      Faith    .   c - +0 buckler
rNeg    . . .      Spirit   .   l - +0 chain mail
rPois   .          Reflect  .   (no helmet)
rElec   .          Harm     .   (no cloak)
rCorr   .          Rampage  .   (no gloves)
Will    .....                   (no boots)
Stlth   ..........              (no amulet)
HPRegen 0.15/turn               (no ring)
MPRegen 0.10/turn               (no ring)

@: about to teleport
A: high mp 1, forlorn, divine attributes
a: no special abilities


You were on level 4 of the Dungeon.
You visited 1 branch of the dungeon, and saw 4 of its levels.

You collected 135 gold pieces.

Inventory:

Hand Weapons
 a - a +0 flail (weapon)
Missiles
 f - a throwing net (quivered)
Armour
 c - a +0 buckler (worn)
 l - a +0 chain mail (worn)
Jewellery
 b - a ring of willpower
 g - a ring of ice
Scrolls
 j - a scroll of identify
 m - a scroll of amnesia {unknown}
Potions
 d - a potion of might
 e - a potion of flight
 h - 3 potions of lignification
 k - a potion of brilliance {unknown}


   Skills:
 + Level 3.2 Fighting
 * Level 4.5 Maces & Flails
 + Level 3.6 Armour
 + Level 3.1 Shields


You had 4 spell levels left.
You didn't know any spells.
Your spell library contained the following spells:

 Spells                   Type           Power      Damage    Failure   Level
 Magic Dart               Conj           0%         1d3       98%         1


Dungeon Overview and Level Annotations

Branches:
Dungeon (4/15)
 Temple: D:4-7


Innate Abilities, Weirdness & Mutations

You have an increased reservoir of magic. (+10% MP)
You shall have no god before yourself.
Your divine heritage dramatically boosts your attributes as you level up.


Message History

The hobgoblin hits you but does no damage.
You hit the hobgoblin.
The hobgoblin is moderately wounded.
The hobgoblin hits you.
You thump the hobgoblin!
You kill the hobgoblin!
The ogre hits you with a +0 giant club.
Unknown command.
You barely miss the ogre. The ogre barely misses you.
You hit the ogre.
The ogre is lightly wounded.
You block the ogre's attack.
Your chain mail prevents you from hitting the ogre.
The ogre is lightly wounded.
The ogre hits you but does no damage.
You thump the ogre!
The ogre is heavily wounded.
The ogre barely misses you.
You barely miss the ogre.
The ogre is heavily wounded.
You hit the ogre.
The ogre is heavily wounded.
The ogre barely misses you.
You barely miss the ogre.
The ogre is heavily wounded.
The ogre hits you with a +0 giant club!
You barely miss the ogre.
The ogre is heavily wounded.
The ogre hits you with a +0 giant club!
You barely miss the ogre.
The ogre is heavily wounded.
The ogre hits you with a +0 giant club!
* * * LOW HITPOINT WARNING * * *
You hit the ogre.
The ogre is heavily wounded.
You block the ogre's attack.
Unknown command.
As you read the scroll of teleportation, it crumbles to dust.
You feel strangely unstable. The ogre hits you with a +0 giant club!
You die...

.... #...###.##
#.....#.## #### #...#
#.# #.##....# ...
#...# #.# #.#...###
... #...# #.# #....##
### #...# #.# ###.###
.#+####.# ##...#
.#......# #..#.#
#.#......#####..#.####
#.)..@...)..##........
##..O....##.##.##.###.
#.......##.##....# #.
#.......##...##### #.
#........###.#...###.
#.###....# #.#.......
#. #....# #.###.####
.. #....# #.....#
#######


You could see an ogre.

Vanquished Creatures
  A necrophage (D:4)
  A hound (D:4)
  A jelly (D:4)
  A hound skeleton (D:4)
  3 adders (D:2)
  A worm (D:2)
  2 dart slugs
  4 bats
  2 endoplasms
  2 giant cockroaches
  4 goblins
  7 hobgoblins
  3 jackals (D:1)
  A quokka (D:2)
  2 ball pythons
  3 frilled lizards
  8 kobolds
  8 rats
54 creatures vanquished.

Notes
Turn   | Place    | Note
-------+----------+-------------------------------------------
     0 | D:1      | ytrimaz the Demigod Fighter began the quest for the Orb.
     0 | D:1      | Reached XP level 1. HP: 18/18 MP: 3/3
   623 | D:1      | Reached skill level 2 in Maces & Flails
   639 | D:1      | Reached XP level 2. HP: 23/25 MP: 4/4
   646 | D:1      | Got Plato's Handbook of Confrontation
  1788 | D:2      | Reached XP level 3. HP: 28/31 MP: 5/5
  2648 | D:3      | Reached skill level 3 in Maces & Flails
  3158 | D:4      | Reached XP level 4. HP: 36/38 MP: 6/6
  3196 | D:4      | Noticed a necrophage
  3211 | D:4      | Killed a necrophage
  3212 | D:4      | Reached skill level 4 in Maces & Flails
  3212 | D:4      | Reached XP level 5. HP: 26/45 MP: 7/7
  3676 | D:4      | Noticed an ogre
  3691 | D:4      | Mangled by an ogre

Illustrated notes

Levels and vault maps discovered:
D:1:      ebering_trefoil_3fold, layout_basic,
          shapermc_ecumenical_altar_rom_forum, serial_co_window_serial,
          co_window_paths_a, co_window_paths_b, co_window_paths_a,
          co_window_of_opportunity_a, co_window_of_opportunity_a,
          co_window_of_opportunity_c, co_window_corner_cb,
          co_window_of_opportunity_c, co_window_cross_3,
          co_window_of_opportunity_c, co_window_corner_cb,
          corexii_hall_statues_i, amcnicky_mini_pool_small
D:2:      cheibrodos_old_hovel, layout_loops_ring
D:3:      layout_loops_ring
D:4:      layout_basic

Skill      XL: |  1  2  3  4 |
---------------+-------------+-----
Maces & Flails | 2 3 4 |  4.5
Armour         | 3 |  3.6
Fighting       | 3 |  3.2
Shields        | 3 |  3.1

Action                   |  1- 3 |  4- 6 || total
-------------------------+-------+-------++-------
Melee: Flail             |   138 |    47 ||   185
  Use: Scroll            |     4 |     2 ||     6
Armor: Scale mail        |    96 |       ||    96
       Chain mail        |     9 |    19 ||    28
Dodge: Dodged            |    77 |    10 ||    87
Block: Buckler           |    41 |     9 ||    50

Table legend: (Time is in decaauts)
 A = Elapsed time spent in this place.
 B = Non-inter-level travel time spent in this place.
 C = Inter-level travel time spent in this place.
 D = Time resting spent in this place.
 E = Time spent auto-exploring this place.
 F = Levels seen in this place.
 G = Mean time per level.
                   A        B        C        D        E       F      G
               +--------+--------+--------+--------+--------+-----+--------+
         Total |   3742 |   3667 |     75 |      0 |   3096 |   4 |  935.5 |
       Dungeon |   3742 |   3667 |     75 |      0 |   3096 |   4 |  935.5 |
               +--------+--------+--------+--------+--------+-----+--------+

Top non-repeatable levels by time:
     D:1: 1404 daAuts
     D:2: 1077 daAuts
     D:3: 703 daAuts
     D:4: 556 daAuts
